 Dungeon Crawl Stone Soup version 0.15.2 (webtiles) character file.

1132 MistressOfTheSands the Martial Artist (level 8, 0/62 HPs)
             Began as a Mummy Monk on Nov 9, 2015.
             Slain by a slave (6 damage)
             ... led by Pikel
             ... on Level 5 of the Dungeon.
             The game lasted 00:11:10 (9431 turns).

MistressOfTheSands the Martial Artist (Mummy Monk)  Turns: 9431, Time: 00:11:11

HP   0/62        AC  2     Str 14      XL: 8   Next: 13%
MP   4/8         EV 13     Int  9      God:
Gold 312         SH  0     Dex 16      Spells:  0 memorised,  7 levels left

rFire  x . .     SeeInvis .       - Unarmed
rCold  + . .     Clarity  .     a - +0 robe
rNeg   + + +     rCorr    .     (no shield)
rPois  +         rRot     +     (no helmet)
rElec  .         Spirit   .     (no cloak)
SustAb .         Warding  .     (no gloves)
rMut   .         Stasis   .     (no boots)
Gourm  .                        (no amulet)
MR     +....                    (no ring)
                                (no ring)

@: somewhat resistant to hostile enchantments, unstealthy
A: no food or potions, fire vulnerability, restore body, cold resistance 1,
negative energy resistance 3, poison resistance, torment resistance, unbreathing
a: no special abilities


You were on level 5 of the Dungeon.
You were not hungry.

You visited 1 branch of the dungeon, and saw 6 of its levels.

You collected 312 gold pieces.


Innate Abilities, Weirdness & Mutations

You do not eat or drink.
Your flesh is vulnerable to fire.
Your flesh is cold resistant.
You are immune to negative energy.
Your system is resistant to poisons.
You are immune to unholy pain and torment.
You can survive without breathing.


   Skills:
 + Level 5.1 Fighting
 - Level 2.4 Dodging
 - Level 1.5 Stealth
 - Level 8.0 Unarmed Combat


You had 7 spell levels left.
You didn't know any spells.

Inventory:

Hand weapons
 l - a +0 whip of flaming
Missiles
 k - 10 poisoned needles (quivered)
Armour
 a - a +0 robe (worn)
Comestibles
 q - 2 bread rations
Scrolls
 b - 5 scrolls of identify {unknown}
 c - 3 scrolls of enchant weapon {unknown}
 d - 7 scrolls of remove curse
 e - a scroll of recharging {unknown}
 f - 2 scrolls of random uselessness {unknown}
 g - 2 scrolls of magic mapping {unknown}
 h - a scroll of blinking {unknown}
 i - 2 scrolls of noise {unknown}
 j - a scroll of teleportation {unknown}
 m - a scroll of enchant armour {unknown}
 n - a scroll of fear {unknown}
 o - a scroll of fog {unknown}
Jewellery
 p - an uncursed ring of teleportation

Dungeon Overview and Level Annotations

Branches:
Dungeon (6/15)             Temple (0/1) D:5

Altars:

Annotations:
D:5 Pikel
D:6 Menkaure, Natasha

#.#...#.####....#.##...#
#.......##...###..%..###
#.#..##....####...##....
#...#####..####.#..#.###
##.### ###......##...### #..#
##...#...>......## ##.##
#............##...
###..######pK.##..####..###.
###...###..opM###..## ##.#...
#...####....oo###.#######...##
#.................# #......###
########...##########.####....
#..## #..# ###.. #..# #.##
#... #.## ### ##.. ### ##. ##


You could see Pikel, 2 slaves and 3 orcs.


Message History

Pikel hits you with a whip of flaming. Pikel burns you.
You climb upwards.
There is a stone staircase leading down here.
You hit the orc but do no damage. The slave barely misses you.
The slave hits you. The orc hits you with a glowing dagger.
You feel your power leaking away. The orc hits you with a club.
You barely miss the orc. Pikel barely misses you. The slave closely misses you.
The slave hits you.
* * * LOW HITPOINT WARNING * * *
The orc barely misses you.
You closely miss the orc. The orc hits you but does no damage.
Pikel hits you with a whip of flaming.
* * * LOW HITPOINT WARNING * * *
Pikel burns you.
* * * LOW HITPOINT WARNING * * *
The slave completely misses you. The slave closely misses you.
You hit the orc.
The orc is heavily wounded.
The orc hits you with an antimagic dagger.
* * * LOW HITPOINT WARNING * * *
Pikel hits you but does no damage. The orc hits you with a club.
* * * LOW HITPOINT WARNING * * *
Unknown command.
You barely miss the orc.
The orc is heavily wounded.
The slave hits you!
* * * LOW HITPOINT WARNING * * *
The slave hits you.
You die...

Action                   |  1- 3 |  4- 6 |  7- 9 || total
-------------------------+-------+-------+-------++-------
Melee: Unarmed           |   199 |   318 |   203 ||   720
  Use: Scroll            |       |       |     1 ||     1
 Stab: Distracted        |     1 |     1 |     1 ||     3
       Sleeping          |     1 |       |     2 ||     3

Vault maps used:
D:1:      enne_arrival_octagon_isle
D:2:      kennysheep_generic_room_11, uniq_jessica
D:3:      st_stairs_9, minmay_tree_intersection
D:4:      temple_fountains, st_stairs_4
D:5:      minmay_temple_entry_crystal_x, first_bread
D:6:      uniq_natasha, uniq_menkaure, uniq_pikel, uniq_edmund

Notes
Turn   | Place    | Note
--------------------------------------------------------------
     0 | D:1      | MistressOfTheSands, the Mummy Monk, began the quest for the Orb.
     0 | D:1      | Reached XP level 1. HP: 18/18 MP: 1/1
   281 | D:1      | Reached XP level 2. HP: 24/24 MP: 2/2
   832 | D:1      | Reached skill level 4 in Unarmed Combat
  1068 | D:2      | Reached XP level 3. HP: 14/29 MP: 3/3
  2043 | D:2      | HP: 2/29 [hobgoblin/club (2)]
  2049 | D:2      | HP: 2/29 [rat (1)]
  2404 | D:2      | HP: 2/29 [bat (1)]
  2409 | D:2      | Reached XP level 4. HP: 2/35 MP: 4/4
  2926 | D:2      | Noticed Jessica
  2941 | D:2      | Killed Jessica
  3021 | D:2      | Reached skill level 5 in Unarmed Combat
  3859 | D:3      | Reached XP level 5. HP: 39/41 MP: 5/5
  4289 | D:3      | Reached skill level 4 in Fighting
  5283 | D:4      | HP: 3/43 [iguana (11)]
  5284 | D:4      | Reached skill level 5 in Fighting
  5284 | D:4      | Reached XP level 6. HP: 3/51 MP: 6/6
  5587 | D:4      | Noticed a black bear
  5603 | D:4      | Killed a black bear
  6288 | D:4      | Reached skill level 6 in Unarmed Combat
  6360 | D:4      | Found a staircase to the Ecumenical Temple.
  6584 | D:4      | Reached XP level 7. HP: 50/56 MP: 7/7
  6942 | D:5      | Entered Level 5 of the Dungeon
  7485 | D:5      | Found a staircase to the Ecumenical Temple.
  7549 | D:4      | the staircase to the Ecumenical Temple was a mimic.
  7551 | D:4      | GOD'S NOT REAL
  7922 | D:5      | Reached skill level 7 in Unarmed Combat
  8652 | D:6      | Noticed Natasha
  8652 | D:6      | Noticed Menkaure
  8652 | D:6      | Noticed Pikel
  8685 | D:4      | Reached XP level 8. HP: 11/62 MP: 8/8
  9354 | D:5      | Reached skill level 8 in Unarmed Combat
  9431 | D:5      | HP: 6/62 [slave[Pikel] (7)]
  9431 | D:5      | Slain by a slave

Vanquished Creatures
  A black bear (D:4)
  An ogre (D:5)
  A centaur (D:5)
  A necrophage (D:5)
  3 scorpions
  A crimson imp (D:5)
  A quasit (D:4)
  An orc priest (D:5)
  A centaur zombie (D:5)
  3 hounds
  A giant frog skeleton (D:5)
  2 worker ants
  An iguana (D:4)
  2 orc wizards
  Jessica (D:2)
  5 adders
  2 giant mites (D:3)
  A shadow imp (D:4)
  An inept feature mimic (D:4)
  An inept item mimic (D:5)
  8 worms
  An iguana skeleton (D:5)
  6 orcs
  15 bats
  11 goblins
  14 hobgoblins
  7 jackals
  2 quokkas
  3 ball pythons
  5 giant cockroaches
  6 giant geckos
  A giant gecko skeleton (D:4)
  6 giant newts
  A goblin skeleton (D:4)
  A hobgoblin skeleton (D:5)
  9 kobolds
  20 rats
147 creatures vanquished.
